AoeStats
← Vooodowar

Hideout

507663507Analyzed
1v1 RM · 12d ago on Sep 19, 2026· 48m 2s· 2 players
Game mode
Random Map
Map size
Tiny (2 player)
Population
200
Speed
Normal
Resources
Standard
Victory
Conquest
Starting age
Dark Age
Ending age
Imperial Age
RankedLock teamsTeams togetherTeam positionsShared explorationLock speedFull tech treeHidden civsTurbo modeCheats
Victory
Defeat
🇲🇽 Teutons · Mexico
601
+13
🇲🇽 Britons · Mexico
538
-13
brau_2846
11:21 Feudal Age
9:42 Loom
11:48 Double-Bit Axe
13:15 Wheelbarrow
12:29 Town Watch
12:53 Horse Collar
17:57 Gold Mining
24:52 Castle Age
24:30 Fletching
25:06 Scale Mail Armor
26:11 Scale Barding Armor
27:29 Heavy Plow
29:19 Gold Shaft Mining
29:16 Crossbowman
31:25 Bow Saw
31:54 Chain Mail Armor
36:38 Stone Mining
38:30 Chain Barding Armor
39:11 Pikeman
40:12 Forging
40:03 Bodkin Arrow
42:49 Padded Archer Armor
Vooodowar
4:04 Loom
10:56 Feudal Age
12:33 Wheelbarrow
11:48 Town Watch
11:49 Man-at-Arms
12:29 Double-Bit Axe
14:45 Scale Mail Armor
15:36 Horse Collar
15:43 Horse Collar
16:48 Fletching
20:51 Wheelbarrow
24:55 Castle Age
25:13 Long Swordsman
26:13 Pikeman
27:16 Bloodlines
27:11 Gold Mining
27:12 Stone Mining
30:12 Bow Saw
30:32 Scale Barding Armor
32:20 Heavy Plow
34:21 Forging
42:12 Imperial Age
41:29 Heated Shot
43:22 Stone Shaft Mining
48:55 Hand Cart
48:41 Town Patrol
Connection lost

Rejoining the realm…

Still unreachable

The connection could not be restored.

Session expired

The server has moved on; the page needs a fresh start.